 Dungeon Crawl Stone Soup version 0.19-a0-1193-g2641e52 (webtiles) character file.

195 Duffy the Skirmisher (level 5, -5/35 HPs)
             Began as a Gargoyle Monk on Aug 19, 2016.
             Was a Priest of Cheibriados.
             Killed by divine providence
             ... invoked by an orc priest
              (11 damage)
             ... on level 3 of the Dungeon.
             The game lasted 00:03:21 (3309 turns).

Duffy the Skirmisher (Gargoyle Monk)                Turns: 3309, Time: 00:03:22

Health: -5/35      AC: 14    Str: 22    XL:     5   Next: 74%
Magic:  0/23       EV:  7    Int: 17    God:    Cheibriados [***...]
Gold:   139        SH:  0    Dex: 20    Spells: 0 memorised, 4 levels left

rFire  . . .     SeeInvis .     a - +0 hand axe
rCold  . . .     Gourm    .     w - +0 plate armour
rNeg   + . .     Faith    .     (no shield)
rPois  ∞         Spirit   +     (no helmet)
rElec  +         Dismiss  .     (no cloak)
rCorr  .         Reflect  .     (no gloves)
MR     .....     Harm     .     (no boots)
Stlth  ..........               x - amulet of guardian spirit
                                h - ring of magical power
                                n - ring of magical power

@: very slow
A: negative energy resistance 1, electricity resistance, unbreathing,
petrification resistance, rot immunity, AC +4
a: Bend Time, Temporal Distortion, Renounce Religion


You were on level 3 of the Dungeon.
You worshipped Cheibriados.
Cheibriados was most pleased with you.
You were not hungry.

You visited 1 branch of the dungeon, and saw 3 of its levels.

You collected 139 gold pieces.

Inventory:

Hand Weapons
 a - a +0 hand axe (weapon)
 r - a cursed -1 blowgun
Missiles
 s - 7 poisoned tomahawks (quivered)
 y - 9 poisoned needles
Armour
 b - a +0 robe
 p - a +0 leather armour
 w - a +0 plate armour (worn)
Jewellery
 h - a ring of magical power (right hand)
 i - an uncursed ring of fire
 n - a ring of magical power (left hand)
 u - a +2 ring of evasion
 x - an amulet of guardian spirit (around neck)
Scrolls
 d - a scroll of identify {unknown}
 g - a scroll of amnesia {unknown}
 k - a scroll of immolation {unknown}
 m - a scroll of random uselessness {unknown}
 o - 2 scrolls of remove curse {unknown}
 z - a scroll of fog {unknown}
 B - a scroll of noise {unknown}
Potions
 e - a potion of curing
 f - a potion of beneficial mutation {unknown}
 j - a potion of cancellation {unknown}
 q - a potion of agility {unknown}
 t - a potion of brilliance {unknown}
 v - a potion of berserk rage {unknown}
Comestibles
 c - 3 bread rations
 l - a fruit


   Skills:
 - Level 5.0 Fighting
 + Level 4.4 Axes
 + Level 1.2 Armour
 - Level 2.4 Dodging
 - Level 2.2 Stealth


You had 4 spell levels left.
You didn't know any spells.

Dungeon Overview and Level Annotations

Branches:
Dungeon (3/15)

Altars:
Cheibriados


Innate Abilities, Weirdness & Mutations

You are resistant to torment.
Your stone body is resilient. (AC +4)
You are immune to poison.
You resist negative energy. (rN+)
You are resistant to electric shocks. (rElec)
You can survive without breathing.
You are immune to petrification.
You are immune to rotting.


Message History

Cheibriados appreciates the change of pace.
Your Armour skill increases to level 1!
The orc priest looks braver for a moment.
You closely miss the orc. The orc barely misses you.
You hit the orc.
You kill the orc!
Cheibriados appreciates the change of pace.
The orc priest barely misses you.
You hit the orc priest but do no damage.
You hit the orc priest but do no damage.
The orc priest mumbles some strange prayers to Beogh against you.
Pain shoots through your body!
The orc priest miscasts a cantrip.
You barely miss the orc priest.
The orc priest invokes the aid of Beogh against you.
Beogh smites you!
You barely miss the orc priest.
The orc priest invokes the aid of Beogh against you.
Beogh smites you!
You die...

#..######.#
#...
#.........#
#..#
##.########
#.#. #.#
#.## ###.#
#.## #...#
#.## #(###
#### #(#
#@# #o# #..
#... ##.#.
###7


You could see an orc priest.

Vanquished Creatures
  An orc priest (D:3)
  Jessica (D:3)
  Natasha (D:3)
  An adder (D:3)
  An ooze (D:1)
  A worm (D:2)
  3 dart slugs
  2 giant geckos
  4 orcs (D:3)
  A ball python (D:2)
  2 giant cockroaches (D:2)
  9 goblins
  11 hobgoblins
  8 jackals
  A quokka (D:2)
  11 bats
  5 giant newts
  13 kobolds
  7 rats
83 creatures vanquished.

Notes
Turn   | Place    | Note
-------+----------+-------------------------------------------
     0 | D:1      | Duffy the Gargoyle Monk began the quest for the Orb.
     0 | D:1      | Reached XP level 1. HP: 14/14 MP: 1/1
   118 | D:1      | Reached XP level 2. HP: 16/19 MP: 2/2
   705 | D:2      | Reached XP level 3. HP: 22/24 MP: 3/3
  1453 | D:1      | Reached skill level 4 in Fighting
  1908 | D:2      | Reached XP level 4. HP: 29/29 MP: 4/4
  2050 | D:2      | Found a snail-covered altar of Cheibriados.
  2059 | D:2      | Became a worshipper of Cheibriados the Contemplative
  2059 | D:2      | Reached * piety under Cheibriados
  2059 | D:2      | Reached ** piety under Cheibriados
  2355 | D:3      | Noticed Natasha
  2360 | D:3      | Killed Natasha
  2519 | D:3      | Reached XP level 5. HP: 33/34 MP: 5/5
  2551 | D:3      | Reached *** piety under Cheibriados
  2618 | D:3      | Noticed Jessica
  2626 | D:3      | Killed Jessica
  2626 | D:3      | Reached skill level 5 in Fighting
  3303 | D:3      | Reached skill level 1 in Armour
  3309 | D:3      | Killed from afar by an orc priest

Vault maps used:
D:1:      onia_arrival_mini_maze, minmay_misc_feat_five
D:2:      kennysheep_slug_shrine, first_bread
D:3:      uniq_crazy_yiuf_cottage, uniq_natasha, uniq_jessica

Skill      XL: |  1  2  3  4  5 |
---------------+----------------+-----
Axes           | 3 4 |  4.4
Fighting       | 4 5 |  5.0
Armour         | 1 |  1.2
Dodging        | |  2.4
Stealth        | |  2.2

Action                   |  1- 3 |  4- 6 || total
-------------------------+-------+-------++-------
Melee: Hand axe          |   199 |   128 ||   327
  Use: Potion            |       |     1 ||     1
 Stab: Sleeping          |     7 |     4 ||    11
  Eat: Chunk             |     3 |     3 ||     6
Armor: Robe              |    71 |       ||    71
       Leather armour    |       |    39 ||    39
       Plate armour      |       |    23 ||    23
Dodge: Dodged            |   153 |    85 ||   238
